 Dungeon Crawl Stone Soup version 0.30.1-11-g7821555f0a (webtiles) character file.

Game seed: 121947322862067522

98 RancidPinata the Trooper (level 4, -2/29 HPs)
             Began as a Gargoyle Gladiator on Dec 5, 2023.
             Frozen to death by an endoplasm (4 damage)
             ... on level 3 of the Dungeon.
             The game lasted 00:05:44 (2209 turns).

RancidPinata the Trooper (Gargoyle Gladiator)       Turns: 2209, Time: 00:05:45

Health: -2/29      AC:  7    Str: 20    XL:     4   Next: 69%
Magic:  4/4        EV: 12    Int:  8    God:
Gold:   107        SH:  0    Dex: 11    Spells: 3/3 levels left

rFire   . . .        a - +0 flail
rCold   . . .        (no shield)
rNeg    + . .        b - +0 leather armour
rPois   ∞            c - +0 helmet
rElec   +            (no cloak)
rCorr   .            (no gloves)
SInv    .            (no boots)
Will    .....        (no amulet)
Stlth   +            (no ring)
HPRegen 0.24/turn    (no ring)
MPRegen 0.09/turn

%: no passive effects
@: flying (expiring)
A: sickness immunity, AC +3, negative energy resistance 1, electricity
resistance, torment resistance 1, petrification resistance
a: no special abilities


You were on level 3 of the Dungeon.
You visited 1 branch of the dungeon, and saw 3 of its levels.

You collected 107 gold pieces.

Inventory:

Hand Weapons
 a - a +0 flail (weapon)
Missiles
 d - 3 throwing nets (quivered)
 e - a javelin
 j - 16 stones
Armour
 b - a +0 leather armour (worn)
 c - a +0 helmet (worn)
 i - a scarf of resistance
Jewellery
 m - a ring of magical power
Scrolls
 f - a scroll of blinking {unknown}
 g - 2 scrolls of enchant weapon {unknown}
 h - 2 scrolls of teleportation
 k - 2 scrolls of identify {unknown}
 l - a scroll of poison {unknown}
 n - a scroll of magic mapping {unknown}


   Skills:
 * Level 3.6 Fighting
 + Level 3.5 Maces & Flails
 + Level 2.4 Throwing
 + Level 1.7 Armour
 - Level 2.4 Dodging


You had 3 spell levels left.
You didn't know any spells.
Your spell library was empty.

Dungeon Overview and Level Annotations

Branches:
Dungeon (3/15)

Altars:


Innate Abilities, Weirdness & Mutations

You are immune to sickness and miasma.
Your stone body is resilient. (AC +3)
You are immune to poison.
You resist negative energy. (rN+)
You are resistant to electric shocks. (rElec)
You are resistant to unholy torment.
You are immune to petrification.


Message History

The phantom hits you but does no damage.
The endoplasm barely misses you. The phantom barely misses you.
The endoplasm hits you.
You barely miss the phantom.
The phantom is severely damaged.
The phantom hits you.
The phantom blinks!
You blink.
An orc comes into view. It is wielding a +0 club.
You hit the phantom.
The phantom is severely damaged.
The orc shouts!
The phantom hits you.
The phantom blinks!
You blink.
You closely miss the phantom.
The phantom is severely damaged.
The phantom hits you but does no damage.
You closely miss the phantom.
The phantom is severely damaged.
The phantom hits you but does no damage.
The phantom closely misses you.
You miss the phantom.
The phantom is severely damaged.
The orc misses you.
The phantom hits you but does no damage.
You barely miss the phantom.
The phantom is severely damaged.
The orc hits you but does no damage. The phantom hits you.
You hit the phantom.
The phantom is almost destroyed.
The orc barely misses you. The phantom misses you. The endoplasm freezes you.
You are frozen.
* * * LOW HITPOINT WARNING * * *
You hit the phantom.
You destroy the phantom!
You are starting to lose your buoyancy.
The endoplasm hits you but does no damage.
The orc hits you with a +0 club.
* * * LOW HITPOINT WARNING * * *
The endoplasm freezes you.
You are frozen.
You die...

...........>.
....#.#...#########
............!.......#.#?######
......................#....$.#
......................#).....#
.....................##......#
.##...>......................#
.....?..........#.....#......#
................o..#>........#
.........#......@J##....#.####
...........####.....#.#.#..#
......)##### #####...#.##†#
.......# ##....##.# .......#
#..#..#.# .......# ..###....
....# ##...# ##..#


You could see an orc and an endoplasm.

Vanquished Creatures
  A phantom (D:3)
  5 adders
  An ufetubus (D:3)
  2 orcs (D:2)
  4 ball pythons
  3 bats
  3 endoplasms
  A giant cockroach (D:3)
  3 goblins
  2 hobgoblins
  7 jackals (D:1)
  A quokka (D:2)
  3 frilled lizards (D:1)
  5 kobolds
  3 rats
44 creatures vanquished.

Notes
Turn   | Place    | Note
-------+----------+-------------------------------------------
     0 | D:1      | RancidPinata the Gargoyle Gladiator began the quest for the
                  | Orb.
     0 | D:1      | Reached XP level 1. HP: 12/12 MP: 1/1
   200 | D:1      | Reached XP level 2. HP: 17/18 MP: 2/2
   817 | D:1      | Reached skill level 1 in Armour
   834 | D:1      | Reached XP level 3. HP: 22/22 MP: 3/3
  1893 | D:3      | Reached XP level 4. HP: 28/28 MP: 4/4
  2163 | D:3      | Noticed a phantom
  2209 | D:3      | Killed a phantom
  2209 | D:3      | Frozen to death by an endoplasm

Illustrated notes

Levels and vault maps discovered:
D:1:      noname_arrival_rooms_in_the_neighbourhood, layout_basic
D:2:      layout_basic, chequers_serial_rivers_small_3, lightli_corner_chamber
D:3:      layout_rooms, basic_ecumenical_altar

Skill      XL: |  1  2  3 |
---------------+----------+-----
Throwing       | 2 |  2.4
Armour         | 1 |  1.7
Fighting       | 3 |  3.6
Maces & Flails | |  3.5
Dodging        | |  2.4

Action                     |  1- 3 |  4- 6 || total
---------------------------+-------+-------++-------
  Melee: Flail             |   109 |    59 ||   168
         Punch             |       |     2 ||     2
    Use: Potion            |       |     2 ||     2
         Scroll            |       |     1 ||     1
 Armour: Leather armour    |    63 |    61 ||   124
  Dodge: Dodged            |   103 |    91 ||   194
